AoeStats
← Kanna Kamui

Arena

509859993Analyzed
4v4 RM · 3d ago on Sep 28, 2026· 51m 10s· 8 players
Game mode
Random Map
Map size
Large (8 player)
Population
200
Speed
Normal
Resources
Standard
Victory
Conquest
Starting age
Dark Age
Ending age
Imperial Age
RankedLock teamsTeams togetherTeam positionsShared explorationLock speedFull tech treeHidden civsTurbo modeCheats
Victory
Defeat
🇨🇳 Bohemians · China
823
+15
🇰🇷 Goths · South Korea
795
+16
🇨🇭 Teutons · Switzerland
778
+17
🇹🇼 Britons · Taiwan
757
+17
🇻🇳 Khmer · Vietnam
868
-20
🇻🇳 Bohemians · Vietnam
817
-17
🇹🇭 Persians · Thailand
773
-15
🇨🇳 Chinese · China
712
-13
rananculus
0:28 Loom
14:17 Feudal Age
15:41 Double-Bit Axe
21:15 Castle Age
19:12 Horse Collar
19:59 Scale Mail Armor
19:58 Man-at-Arms
21:20 Stone Mining
21:21 Gold Mining
22:44 Bow Saw
23:15 Heavy Plow
24:16 Wheelbarrow
23:27 Town Watch
27:23 Hand Cart
29:23 Stone Shaft Mining
31:20 Town Patrol
32:04 Long Swordsman
32:05 Pikeman
32:46 Squires
34:07 Forging
34:12 Chain Mail Armor
37:43 Imperial Age
35:46 Ballistics
37:26 Iron Casting
38:10 Anarchy
37:59 Halberdier
38:00 Two-Handed Swordsman
40:05 Champion
41:06 Onager
43:16 Chemistry
42:27 Masonry
42:13 Murder Holes
41:59 Treadmill Crane
48:21 Architecture
49:01 Two-Man Saw
monneyce
9:49 Feudal Age
10:28 Double-Bit Axe
17:09 Castle Age
15:26 Man-at-Arms
17:20 Long Swordsman
17:47 Arson
18:33 Forging
18:19 Horse Collar
18:54 Stone Mining
19:15 Squires
20:28 Scale Mail Armor
20:25 Loom
27:06 Imperial Age
27:32 Iron Casting
27:13 Chain Mail Armor
27:13 Town Watch
27:34 Gold Mining
28:34 Conscription
29:07 Wheelbarrow
29:55 Capped Ram
32:53 Ironclad
38:18 Plate Mail Armor
38:49 Blast Furnace
42:30 Pikeman
43:38 Two-Handed Swordsman
43:39 Halberdier
46:55 Elite Teutonic Knight
Kanna Kamui
0:27 Loom
12:23 Feudal Age
13:30 Double-Bit Axe
14:16 Gold Mining
15:14 Stone Mining
16:03 Wheelbarrow
18:56 Castle Age
17:52 Fletching
18:13 Forging
19:30 Pikeman
27:39 Ballistics
29:38 Bow Saw
31:00 Gold Shaft Mining
33:46 Imperial Age
32:09 Yeomen
31:57 Husbandry
31:17 Light Cavalry
32:15 Padded Archer Armor
32:38 Masonry
33:41 Hand Cart
33:50 Bodkin Arrow
35:46 Two-Man Saw
36:13 Conscription
36:59 Chemistry
36:20 Leather Archer Armor
37:04 Architecture
38:43 Warwolf
39:16 Siege Engineers
41:12 Hoardings
42:30 Bracer
43:06 Iron Casting
42:37 Scale Barding Armor
50:33 Elite Longbowman
TAGRNM
0:29 Loom
12:44 Feudal Age
16:24 Castle Age
14:10 Horse Collar
15:00 Double-Bit Axe
18:14 Fervor
18:25 Bow Saw
23:23 Heavy Plow
27:00 Redemption
27:27 Town Watch
28:19 Wheelbarrow
29:31 Chemistry
29:07 Sanctity
33:01 Imperial Age
30:48 Hand Cart
30:39 Fletching
31:16 Ballistics
33:00 Wagenburg Tactics
33:14 Bodkin Arrow
33:32 Masonry
33:59 Bracer
35:03 Houfnice
37:09 Architecture
36:39 Murder Holes
37:30 Elite Hussite Wagon
38:15 Pikeman
39:54 Scale Mail Armor
40:06 Forging
40:44 Bombard Tower
40:04 Halberdier
41:03 Chain Mail Armor
41:13 Squires
42:38 Plate Mail Armor
42:46 Iron Casting
42:54 Conscription
44:04 Two-Man Saw
44:55 Blast Furnace
48:29 Siege Engineers
Misaka Mikoto
9:48 Feudal Age
10:13 Double-Bit Axe
10:09 Horse Collar
19:55 Castle Age
18:56 Padded Archer Armor
19:16 Scale Mail Armor
19:27 Forging
19:17 Scale Mail Armor
20:07 Stone Mining
20:09 Gold Mining
21:31 Loom
21:58 Bow Saw
23:16 Gold Shaft Mining
22:47 Town Watch
24:20 Wheelbarrow
25:05 Heavy Plow
30:17 Imperial Age
31:34 Conscription
31:22 Heavy Rocket Cart
33:41 Chemistry
32:55 Devotion
32:51 Herbal Medicine
34:33 Fortified Wall
Shirai Kuroko
12:01 Feudal Age
20:49 Gold Mining
20:56 Double-Bit Axe
22:20 Town Watch
23:10 Wheelbarrow
22:21 Loom
22:43 Scale Mail Armor
27:07 Castle Age
25:31 Horse Collar
25:43 Gold Mining
25:43 Stone Mining
26:27 Fletching
28:25 Wheelbarrow
27:36 Loom
27:52 Bodkin Arrow
27:44 Crossbowman
30:14 Thumb Ring
30:08 Light Cavalry
32:32 Husbandry
32:42 Bloodlines
34:21 Heavy Plow
34:58 Stone Shaft Mining
34:59 Gold Shaft Mining
34:36 Bow Saw
34:36 Scale Barding Armor
34:34 Padded Archer Armor
SSuperHappy
10:08 Feudal Age
13:47 Castle Age
13:31 Loom
15:07 Double-Bit Axe
18:57 Wheelbarrow
22:03 Bow Saw
21:46 Horse Collar
24:46 Hand Cart
24:19 Town Watch
26:40 Gold Mining
26:49 Stone Mining
28:09 Forging
28:05 Scale Barding Armor
29:06 Gold Shaft Mining
29:02 Bloodlines
28:53 Husbandry
28:40 Arson
29:55 Stone Shaft Mining
29:30 Heavy Plow
29:37 Town Patrol
31:01 Iron Casting
30:46 Chain Barding Armor
35:01 Imperial Age
32:57 Devotion
33:12 Murder Holes
33:07 Light Cavalry
33:57 Tusk Swords
35:02 Elite Battle Elephant
36:44 Blast Furnace
36:19 Plate Barding Armor
35:30 Hussar
39:18 Faith
40:26 Conscription
39:38 Sappers
41:34 Double Crossbow
45:41 Ballistics
46:21 Chemistry
46:32 Heavy Scorpion
huytks044
10:53 Feudal Age
16:10 Castle Age
22:40 Horse Collar
23:26 Double-Bit Axe
26:31 Wheelbarrow
26:32 Heavy Plow
26:45 Bow Saw
27:41 Ballistics
34:54 Imperial Age
33:43 Devotion
34:22 Wagenburg Tactics
34:58 Elite Hussite Wagon
37:42 Chemistry
44:30 Houfnice
51:42 Husbandry
Connection lost

Rejoining the realm…

Still unreachable

The connection could not be restored.

Session expired

The server has moved on; the page needs a fresh start.